 Dungeon Crawl Stone Soup version 0.24-a0-441-g27f0392e16 (webtiles) character file.

Game seed: 93585875759528415

1145 emperorscorpion the Cleaver (level 8, 0/109 HPs)
             Began as a Deep Dwarf Berserker on June 19, 2019.
             Was a Believer of Trog.
             Slain by a hound (2 damage)
             ... on level 6 of the Dungeon.
             The game lasted 00:04:49 (527 turns).

emperorscorpion the Cleaver (Deep Dwarf Berserker)   Turns: 527, Time: 00:04:50

Health: 0/109      AC:  7    Str: 31    XL:     8   Next: 15%
Magic:  7/7        EV: 13    Int:  9    God:    Trog [**....]
Gold:   60         SH:  0    Dex: 12    Spells: 7/7 levels left

rFire    . . .     SeeInvis .   a - +0 war axe
rCold    . . .     Gourm    .   (no shield)
rNeg     . . .     Faith    .   e - +0 scale mail
rPois    .         Spirit   .   (no helmet)
rElec    .         Reflect  .   (no cloak)
rCorr    .         Harm     .   (no gloves)
MR       +....     Clarity  +   (no boots)
Stlth    ..........             (no amulet)
HPRegen  0.00/turn              k - +4 ring of strength
MPRegen  0.10/turn              (no ring)

@: berserking (expiring), non-regenerating, studying Slings, very quick
A: damage resistance, heal wounds, clarity, mutation resistance 1, sense
surroundings 1, no regeneration
a: Heal Wounds, Berserk, Trog's Hand, Renounce Religion


You were on level 6 of the Dungeon.
You worshipped Trog.
Trog was pleased with you.
You were hungry.

You visited 1 branch of the dungeon, and saw 6 of its levels.

You collected 60 gold pieces.

Inventory:

Hand Weapons
 a - a +0 war axe (weapon)
 g - a +0 hand axe
Armour
 b - a +0 animal skin
 e - a +0 scale mail (worn)
Jewellery
 k - a +4 ring of strength (left hand)
Wands
 i - a wand of random effects (24)
 j - a wand of digging (3)
Scrolls
 h - a scroll of identify {unknown}
Potions
 d - a potion of might
Books
 l - a manual of Slings
Comestibles
 c - 3 rations
 f - 2 chunks of flesh


   Skills:
 + Level 4.7 Fighting
 + Level 8.0 Axes
 + Level 4.8 Armour
 + Level 4.8 Dodging


You had 7 spell levels left.
You didn't know any spells.
Your spell library was empty.

Dungeon Overview and Level Annotations

Branches:
Dungeon (6/15)
 Temple: D:4-7

Altars:
Nemelex Xobeh
Xom

Annotations:
D:5 1 transporter, asdu's ghost, novice TeSk


Innate Abilities, Weirdness & Mutations

You are resistant to damage.
You can heal yourself by infusing magical energy.
You passively map a small area around you.
You do not regenerate.
You possess an exceptional clarity of mind.
You are somewhat resistant to further mutation.


Message History

You closely miss the ogre.
The orc throws a boomerang.
The boomerang hits you.
The weapon returns to the orc!
The ogre closely misses you.
You slice the ogre!!
You kill the ogre!
Trog accepts your kill.
Your Axes skill increases to level 8!
The orc throws a boomerang.
The boomerang misses you.
The weapon returns to the orc!
Things that are here:
a +0 giant club; a +0 giant spiked club You slash the orc!
You kill the orc!
Trog accepts your kill.
You slash the hound!
The hound is almost dead.
The hound barely misses you.
You miss the hound.
The hound is almost dead.
The hound bites you.
You die...

##. *#...#
...###*
*######,*#.###
,##.... .#...*,
#.
#.....####.#.#
,
.##...........#
,
.....##......#
..#...)......#
,
......†......#
*
...#.##@##...#
# *#h##...# *
,* #.##..####
## , ,
#.##..##.. .# ,
..##..##.##.# *
, ..#...##....#
#.##.###..<.#
#.##.###....#
#.#.#....#


You could see a hound.

Vanquished Creatures
  A two-headed ogre (D:6)
  An ice beast (D:6)
  An ogre (D:6)
  A centaur (D:5)
  3 hounds
  2 orc wizards (D:5)
  A bullfrog skeleton (D:6)
  A hound zombie (D:5)
  An adder (D:2)
  2 shadow imps (D:6)
  An adder zombie (D:6)
  3 worms
  2 leopard geckos
  6 orcs
  A goblin (D:2)
  5 jackals
  A quokka (D:5)
  A bat (D:2)
  2 kobolds
  A leopard gecko skeleton (D:5)
  2 rats
39 creatures vanquished.

Notes
Turn   | Place    | Note
-------+----------+-------------------------------------------
     0 | D:1      | emperorscorpion the Deep Dwarf Berserker began the quest
                  | for the Orb.
     0 | D:1      | Reached XP level 1. HP: 20/20 MP: 1/1
    72 | D:2      | Reached XP level 2. HP: 27/28 MP: 2/2
   182 | D:2      | Found a sparkling altar of Nemelex Xobeh.
   228 | D:3      | Gained mutation: You possess an exceptional clarity of
                  | mind. [potion of mutation]
   228 | D:3      | Gained mutation: You are somewhat resistant to further
                  | mutation. [potion of mutation]
   259 | D:5      | Entered Level 5 of the Dungeon
   265 | D:5      | Reached skill level 4 in Axes
   265 | D:5      | Reached XP level 3. HP: 34/34 MP: 2/2
   274 | D:5      | Reached XP level 4. HP: 40/42 MP: 3/3
   323 | D:5      | Reached ** piety under Trog
   324 | D:5      | Noticed a centaur
   334 | D:5      | Killed a centaur
   334 | D:5      | Reached skill level 5 in Axes
   334 | D:5      | Reached XP level 5. HP: 28/50 MP: 4/4
   357 | D:6      | Noticed an ice beast
   367 | D:6      | Killed an ice beast
   367 | D:6      | Reached XP level 6. HP: 48/57 MP: 5/5
   436 | D:5      | Found a shimmering altar of Xom.
   449 | D:5      | Noticed asdu's ghost (novice TeSk)
   451 | D:5      | Found a transporter.
   512 | D:6      | Noticed a two-headed ogre
   520 | D:6      | HP: 1/85 [two-headed ogre/+0 giant club (6)]
   521 | D:6      | Killed a two-headed ogre
   521 | D:6      | Reached skill level 7 in Axes
   521 | D:6      | Reached XP level 7. HP: 1/66 MP: 6/6
   521 | D:6      | Reached XP level 8. HP: 2/73 MP: 7/7
   523 | D:6      | Reached skill level 8 in Axes
   527 | D:6      | Slain by a hound

Levels and vault maps discovered:
D:1:      dpeg_arrival_shrine, layout_basic, hangedman_decor_growths
D:2:      layout_basic, nemelex_xobeh_ov_fountains_minmay, trog_butcher_becter,
          uniq_natasha
D:3:      layout_basic
D:4:      layout_loops_ring, nicolae_overflow_crystal_walls,
          grunt_temple_overflow_open
D:5:      layout_rooms, old_standard_altar, xom_butterflies,
          minmay_temple_entry_hall, first_ration, gammafunk_ghost_arena,
          nicolae_ru_path_of_blood
D:6:      layout_basic, minmay_manual_monolith

Skill      XL: |  1  2  3  4  5  6  7  8 |
---------------+-------------------------+-----
Fighting       | 3 4 |  4.7
Axes           | 4 5 7 8 |  8.0
Dodging        | 3 4 |  4.8
Armour         | 4 |  4.8

Action                   |  1- 3 |  4- 6 |  7- 9 || total
-------------------------+-------+-------+-------++-------
Melee: Hand axe          |    34 |       |       ||    34
       War axe           |       |    56 |     5 ||    61
Invok: Berserk           |     3 |     2 |       ||     5
 Abil: Heal Wounds       |     1 |     1 |       ||     2
  Use: Potion            |     1 |     1 |       ||     2
       Scroll            |       |     1 |       ||     1
  Eat: Chunk             |       |     3 |       ||     3
Armor: Animal skin       |    16 |       |       ||    16
       Scale mail        |       |    30 |       ||    30
Dodge: Dodged            |    38 |    49 |     5 ||    92

Table legend:
 A = Non-vault XP
 B = Vault XP
 C = Vault XP percentage of total XP
 D = Non-vault monster count
 E = Vault monster count
 F = Vault count percentage of total count
                 A         B        C        D         E       F
            +---------+---------+-------+---------+---------+-------
      Total |     675 |     962 |  58.8 |      35 |       4 |  10.3
            +---------+---------+-------+---------+---------+-------
        D:1 |       1 |       0 |   0.0 |       1 |       0 |   0.0
        D:2 |      32 |       0 |   0.0 |       8 |       0 |   0.0
        D:3 |       3 |       0 |   0.0 |       2 |       0 |   0.0
        D:5 |     315 |       0 |   0.0 |      14 |       0 |   0.0
        D:6 |     324 |     962 |  74.8 |      10 |       4 |  28.6
            +---------+---------+-------+---------+---------+-------
